AoeStats
← Orca17

MegaRandom

503848069Analyzed
1v1 RM · 1mo ago on Sep 2, 2026· 34m 11s· 2 players
Game mode
Random Map
Map size
Tiny (2 player)
Population
200
Speed
Normal
Resources
Standard
Victory
Conquest
Starting age
Dark Age
Ending age
Imperial Age
RankedLock teamsTeams togetherTeam positionsShared explorationLock speedFull tech treeHidden civsTurbo modeCheats
Victory
Defeat
🇨🇿 Lithuanians · Czechia
2248
+17
🇩🇪 Burmese · Germany
2265
-17
Feroker
6:03 Loom
8:26 Feudal Age
16:13 Horse Collar
16:22 Double-Bit Axe
17:08 Fletching
22:08 Castle Age
21:21 Bloodlines
21:19 Horse Collar
22:54 Light Cavalry
31:08 Redemption
33:47 Imperial Age
32:36 Scale Barding Armor
Orca17
0:26 Loom
9:40 Feudal Age
19:47 Castle Age
19:12 Horse Collar
21:57 Heavy Plow
31:23 Gold Mining
31:46 Padded Archer Armor
Connection lost

Rejoining the realm…

Still unreachable

The connection could not be restored.

Session expired

The server has moved on; the page needs a fresh start.